Map: Ruins of Seras

Players

Mango

  • Race: Zerg Zerg
  • League: Gold

wabbajack - Winner!

  • Race: Zerg Zerg
  • League: Gold

VOD

Have the link to the VOD?

Description

Time

  • Played on: July 18, 2015, 6:15 p.m.
  • Length: 6:44
Show
View Real Time Build Order
Export as new Build Order

Mango Zerg 

Build Orders: Pool First, Zergling Baneling 

Get SALT Encoding   

  12  0:02  Drone  
  13  0:08  Drone  
  14  0:20  Drone, Extractor  
  14  0:34  Spawning Pool  
  13  0:37  Drone  
  14  0:44  Extractor  
  14  0:45  Drone  
  15  0:52  Overlord  
  15  1:11  Drone x2  
  15  1:12  Drone  
  18  1:20  Queen  
  18  1:25  Drone  
  21  1:30  Metabolic Boost  
  21  1:36  Drone  
  22  1:45  Overlord  
  22  1:50  Baneling Nest  
  21  1:58  Zergling x2  
  22  2:07  Zergling x2  
  23  2:25  Hatchery  
  23  2:28  Zergling x4  
  24  2:34  Zergling x4  
  24  2:35  Zergling x2  
  27  2:38  Zergling x2  
  28  2:46  Overlord  
  28  3:02  Zergling x2  
  28  3:03  Zergling x2  
  29  3:11  Queen  
  31  3:13  Zergling x6  
  34  3:25  Baneling  
  34  3:26  Baneling x8  
  35  3:34  Zergling x4  
  35  3:36  Zergling x2  
  37  3:48  Zergling x6  
  38  3:54  Drone x2  
  42  3:59  Overlord  
  38  4:20  Drone  
  38  4:21  Drone x6  
  40  4:36  Drone x4  
  40  4:37  Drone  
  42  4:47  Zergling x2  
  42  4:48  Zergling x4  
  42  4:55  Baneling  
  42  4:56  Baneling x4  
  42  4:58  Drone  
  42  4:59  Drone  
  43  5:08  Spine Crawler  
  43  5:10  Spine Crawler  
  41  5:25  Spine Crawler  
  41  5:26  Roach Warren, Spine Crawler  
  41  5:28  Drone  
  38  5:29  Drone x6  
  44  5:37  Drone x2  
  46  5:44  Queen x2  
  50  5:50  Drone  
  51  6:11  Roach  
  50  6:12  Roach  
  50  6:17  Overlord x2  
Show
View Real Time Build Order
Export as new Build Order

wabbajack Zerg - Winner!

Build Orders: Hatch First 

Get SALT Encoding   

  12  0:01  Drone  
  13  0:14  Overlord  
  13  0:18  Drone  
  14  0:25  Extractor  
  14  0:26  Drone  
  15  0:33  Drone  
  16  0:36  Drone  
  17  0:55  Hatchery  
  16  1:05  Drone x2  
  16  1:07  Extractor  
  16  1:08  Drone  
  18  1:20  Spawning Pool  
  18  1:24  Drone  
  18  1:31  Drone  
  19  1:40  Overlord  
  19  1:55  Drone  
  20  2:07  Queen  
  22  2:09  Queen  
  22  2:15  Spine Crawler  
  23  2:20  Drone x4  
  27  2:23  Drone  
  29  2:30  Drone  
  29  2:34  Drone  
  30  2:38  Metabolic Boost  
  30  2:42  Drone  
  31  2:50  Roach Warren  
  30  2:54  Queen  
  30  2:57  Extractor  
  31  3:00  Drone  
  31  3:04  Drone x2  
  34  3:09  Drone  
  35  3:17  Drone, Spine Crawler  
  35  3:19  Overlord  
  35  3:22  Overlord  
  35  3:25  Drone  
  36  3:42  Roach  
  36  3:43  Roach x2  
  42  3:48  Roach  
  42  3:49  Roach x3  
  42  3:52  Roach  
  52  3:59  Overlord  
  52  4:01  Overlord  
  37  5:12  Drone  
  37  5:13  Drone x3  
  42  5:14  Drone x2  
  42  5:16  Roach x12  
  67  5:34  Overlord x2  
  67  5:36  Overlord  
  67  5:45  Ravager  
  68  5:54  Ravager x2  
  70  5:59  Queen  
  72  6:05  Roach  
  72  6:06  Roach  
  72  6:07  Zergling x8  
Tags
 
Add a new tag
Caveats
  • Supply blocks, unpowered buildings, or Contaminate may cause inaccurate times.
  • Supply counts are checked every 10 seconds.